 Dungeon Sprint DCSS version 0.28.0 (webtiles) character file.

Game seed: 10136858744687273857

20295 boopmooplesden the Hoplite (level 12, -25/124 HPs)
             Began as a Minotaur Fighter on Feb 12, 2022.
             Was the Champion of the Shining One.
             Annihilated by Uluryoghue the pandemonium lord (35 damage)
             ... in the Dungeon (Sprint V: "Ziggurat Sprint").
             The game lasted 00:07:01 (839 turns).

boopmooplesden the Hoplite (Minotaur Fighter)        Turns: 839, Time: 00:07:04

Health: -25/124    AC: 23    Str: 37    XL:     12   Next: 44%
Magic:  1/18       EV:  2    Int: 11    God:    the Shining One [******]
Gold:   0          SH: 43    Dex: 11    Spells: 11/11 levels left

rFire   + + .      SeeInvis .   n - +7 Screaming Sword {vorpal, sonic wave}
rCold   + + .      Faith    .   m - +18 shield of the Gong {rElec rN+ Will+ EV-5}
rNeg    + + +      Spirit   .   k - +5 gold dragon scales
rPois   +          Reflect  .   (helmet restricted)
rElec   +          Harm     .   J - +2 cloak {Stlth+}
rCorr   .          Rampage  .   a - +0 pair of gloves "Kiedgheti" {rC+ Regen+ Str+4 Int-5}
Will    +....      NoTele   +   Q - +2 pair of boots "Yssip" {rN+ Str+6}
Stlth   ..........              P - amulet of Curisaw {rN+ Regen+ Int+5}
HPRegen 1.90/turn               G - +6 ring of strength
MPRegen 0.16/turn               T - ring of Adduq {rPois rF+ rN+ Int+4 Dex-2}

@: divinely shielded, corroded, glowing, studying 2 skills
A: horns 2, retaliatory headbutt, clever 1, weak 1
a: Renounce Religion, Divine Shield, Cleansing Flame, Summon Divine Warrior,
Brand Weapon With Holy Wrath


You were in the Dungeon.
You worshipped the Shining One.
The Shining One was exalted by your worship.
You visited 1 branch

Inventory:

Hand Weapons
 n - the +7 Screaming Sword (weapon) {vorpal, sonic wave}
   (You found it in the Dungeon)

   It inflicts extra damage upon your enemies.
   It radiates damaging sonic waves as it strikes, especially in combat
   involving dangerous or numerous foes.
 o - the +5 sword of Power {vorpal}
   (You found it in the Dungeon)

   It inflicts extra damage upon your enemies.
   It occasionally discharges a powerful but inaccurate bolt of energy upon
   striking a foe, with increased chance the greater the wielder's current
   health.
 L - the +4 mace "Conservator" {venom, Str+2 Int+3 Stlth-}
   (You found it in the Dungeon)

   It poisons the flesh of those it strikes.
   Str:       It affects your strength (+2).
   Int:       It affects your intelligence (+3).
   Stlth:     It makes you less stealthy.
 S - the +5 long sword "Ynay" {vorpal, *Slow +Blink rPois Int+4}
   (You found it in the Dungeon)

   It inflicts extra damage upon your enemies.
   Int:       It affects your intelligence (+4).
   rPois:     It protects you from poison.
   +Blink:    It lets you blink.
   *Slow:     It may slow you when you take damage.
 V - the +8 scimitar of Foul Odours {flame, Dex+4}
   (You found it in the Dungeon)

   It burns those it strikes, dealing additional fire damage.
   Big, fiery blades are also staple armaments of hydra-hunters.
   Dex:       It affects your dexterity (+4).
Armour
 a - the +0 pair of gloves "Kiedgheti" (worn) {rC+ Regen+ Str+4 Int-5}
   (You found it in the Dungeon)

   Str:       It affects your strength (+4).
   Int:       It affects your intelligence (-5).
   rC:        It protects you from cold.
   Regen:     It increases your rate of health regeneration.
 c - a +0 buckler
 k - +5 gold dragon scales (worn)
 l - the +15 Maxwell's patent armour {-Cast -Tele rElec Will+ rCorr}
   (You found it in the Dungeon)

   rElec:     It insulates you from electricity.
   -Cast:     It prevents spellcasting.
   -Tele:     It prevents most forms of teleportation.
   rCorr:     It protects you from acid and corrosion.
   Will:      It increases your willpower.
 m - the +18 shield of the Gong (worn) {rElec rN+ Will+ EV-5}
   (You found it in the Dungeon)

   It is deafeningly noisy when blocking attacks.
   EV:        It affects your evasion (-5).
   rElec:     It insulates you from electricity.
   rN:        It protects you from negative energy.
   Will:      It increases your willpower.
 J - a +2 cloak of stealth (worn)
 Q - the +2 pair of boots "Yssip" (worn) {rN+ Str+6}
   (You found it in the Dungeon)

   Str:       It affects your strength (+6).
   rN:        It protects you from negative energy.
Jewellery
 B - a ring of flight
 C - a +6 ring of dexterity
 D - a +6 ring of dexterity
 E - a +6 ring of intelligence
 F - a +6 ring of intelligence
 G - a +6 ring of strength (left hand)
 H - a +6 ring of strength
 K - a +4 ring of protection
 M - a +6 ring of strength
 N - a ring of poison resistance
 O - a ring of protection from cold
 P - the amulet of Curisaw (around neck) {rN+ Regen+ Int+5}
   (You found it in the Dungeon)

   [amulet of regeneration]

   Int:       It affects your intelligence (+5).
   rN:        It protects you from negative energy.
   Regen:     It increases your rate of health regeneration.
 T - the ring of Adduq (right hand) {rPois rF+ rN+ Int+4 Dex-2}
   (You found it in the Dungeon)

   [ring of protection from fire]

   Int:       It affects your intelligence (+4).
   Dex:       It affects your dexterity (-2).
   rF:        It protects you from fire.
   rPois:     It protects you from poison.
   rN:        It protects you from negative energy.
 U - a +4 ring of protection
 W - a ring of protection from cold
 X - a ring of see invisible
 Y - a ring of protection from fire
Wands
 y - a wand of mindburst (7)
 z - a wand of iceblast (7)
 A - a wand of acid (7)
Scrolls
 j - 4 scrolls of blinking
 p - 4 scrolls of amnesia
 q - 7 scrolls of fog
 r - a scroll of holy word
 s - 5 scrolls of identify
 t - 2 scrolls of fear
 Z - a scroll of brand weapon
Potions
 d - 6 potions of might
 e - 10 potions of curing
 f - 13 potions of heal wounds
 g - 10 potions of haste
 h - 6 potions of magic
 i - 3 potions of berserk rage
 u - 2 potions of brilliance
 v - 2 potions of invisibility
 w - 4 potions of resistance
 x - a potion of experience
Miscellaneous
 I - a lightning rod (4/4)
 R - a box of beasts


   Skills:
 + Level 16.7 Fighting
 + Level 18.8 Long Blades
 + Level 17.5 Armour
 + Level 21.7 Shields
 + Level 9.5 Invocations


You had 11 spell levels left.
You didn't know any spells.
Your spell library contained the following spells:

 Spells                   Type           Power      Damage    Failure   Level
 Animate Skeleton         Necr           0%         N/A       98%         1
 Freeze                   Ice            0%         1d3       98%         1
 Sandblast                Erth           0%         2d4       98%         1
 Corpse Rot               Necr/Air       0%         N/A       99%         2
 Poisonous Vapours        Pois/Air       0%         N/A       99%         2
 Static Discharge         Conj/Air       0%         N/A       99%         2
 Conjure Flame            Conj/Fire      0%         6-21      100%        3
 Frozen Ramparts          Ice            0%         1d2       100%        3
 Flame Wave               Conj/Fire      0%         2d4       100%        4
 Fulminant Prism          Conj/Hex       0%         3d6       100%        4
 Hailstorm                Conj/Ice       0%         3d3       100%        4
 Iskenderun's Mystic Bla  Conj/Tloc      0%         2d3       100%        4
 Leda's Liquefaction      Hex/Erth       0%         N/A       100%        4
 Excruciating Wounds      Necr           0%         N/A       100%        5
 Lee's Rapid Deconstruct  Erth           0%         3d5*      100%        5
 Lightning Bolt           Conj/Air       0%         1d11      100%        5
 Borgnjor's Revivificati  Necr           0%         N/A       100%        8
 Maxwell's Capacitive Co  Air            0%         ∞         100%        8
 Necromutation            Tmut/Necr      0%         N/A       100%        8
 Death's Door             Necr           0%         N/A       100%        9


Dungeon Overview and Level Annotations

Branches:
Dungeon (1/1)

Altars:
Ashenzari
Cheibriados
Dithmenos
Elyvilon
Fedhas
Gozag
Hepliaklqana
Kikubaaqudgha
Makhleb
Nemelex Xobeh
Okawaru
Qazlal
Ru
Sif Muna
Trog
Uskayaw
Vehumet
Wu Jian
Xom
Yredelemnul
Zin
The Shining One
Beogh
Jiyva
Lugonu


Innate Abilities, Weirdness & Mutations

You have a pair of horns on your head.
You reflexively headbutt those who attack you in melee.
Your mind is acute. (Int +2)
You are weak. (Str -2)


Message History

GONNNNG!
The Hell Sentinel hits you but does no damage.
Activating: Cleansing Flame (7% risk of failure)
Press: ? - help, Dir - look around, f - activate The golden flame engulfs you but does no damage.
You resist.
The golden flame engulfs Uluryoghue but does no damage.
Uluryoghue is severely wounded.
The golden flame engulfs the Hell Sentinel!!
The Hell Sentinel writhes in agony!
The Hell Sentinel is severely wounded.
The golden flame engulfs Yjo Juzxa!!!
Yjo Juzxa writhes in agony!
Yjo Juzxa is moderately wounded.
The golden flame engulfs Camoixik but does no damage.
Camoixik is heavily wounded.
The demonspawn corrupter mumbles some strange prayers to Lugonu against you.
The entropic weave corrodes you! Yjo Juzxa gestures at you.
You suddenly lose the ability to move!
The Hell Sentinel hits you.
* * * LOW HITPOINT WARNING * * *
The Hell Sentinel hits you!
* * * LOW HITPOINT WARNING * * *
Uluryoghue touches you!!
* * * LOW HITPOINT WARNING * * *
Uluryoghue touches you! The Shining One protects you from harm!
Camoixik gestures.
Camoixik blinks!
The Hell Sentinel hits you but does no damage. x2
You can move again.
Unknown command.
You don't have enough magic at the moment.
Your divine shield is renewed.
You block Uluryoghue's attack.
PANG!
Yjo Juzxa gestures at you. You resist with significant effort.
The demonspawn corrupter calls forth creatures from the Crypt!
The ironbound convoker gestures at the demonspawn corrupter while chanting.
Uluryoghue touches you!!
You die...

▓..|)=}":[..▓▓▓▓▓▓▓▓▓▓▓▓▓▓▓
▓...|1}||...▓...8©8...▓..8©
▓...6.31....▓....)....▓...)
▓..z...2....▓.........▓...[
▓...3zX....&▓.........▓....
...........▓...)))...▓....
▓..1..▓ 4▓.....)...▓...)
▓▓..&▓▓▓1▓...).)...▓..))
▓..▓...3§▓@.▓.▓.....▓.▓.▓..
▓.....1p6&&.▓....©....▓...©
▓▓▓▓▓▓▓▓▓▓▓▓▓▓▓▓▓▓▓▓▓▓▓▓▓▓▓
▓...8©8...▓...8©8...▓...8©8
▓..)...}).▓..[..[}..▓..)[..
▓..[)||[..▓..[..})..▓...}.)
▓.....)...▓.........▓......
▓.)..)))..▓.........▓......
▓...)))...▓.........▓......


You could see Camoixik, Uluryoghue, Yjo Juzxa, a Hell Sentinel, an Ice Fiend, a
demonspawn corrupter, an ironbound convoker (summoned) and a hellwing.

Vanquished Creatures
  A Tzitzimitl (D)
  A stone giant (D)
  A reaper (D)
  An ettin (D)
  A yaktaur captain (D)
  7 vault guards (D)
  4 two-headed ogres (D)
  A swamp dragon (shapeshifter) (D)
  A harpy (shapeshifter) (D)
  3 ugly things (D)
  An orc sorcerer (D)
  A salamander (shapeshifter) (D)
  An eye of devastation (D)
  A yaktaur (D)
  5 merfolk (D)
  A merfolk (shapeshifter) (D)
  A troll (D)
  2 hornets (D)
  4 slime creatures (D)
  A jumping spider (shapeshifter) (D)
  A yak (shapeshifter) (D)
  A ynoxinul (D)
  4 spriggans (D)
  4 neqoxecs (D)
  A golden eye (D)
  A floating eye (D)
  3 orc warriors (D)
  3 necrophages (D)
  2 wolves (D)
  8 ogres (D)
  3 phantoms (D)
  A wight (D)
  3 jellies (D)
  A gnoll shaman (D)
  3 endoplasms (D)
  A jackal zombie (D)
79 creatures vanquished.

Vanquished Creatures (others)
  An endoplasm (D)
1 creature vanquished.

Grand Total: 80 creatures vanquished

Notes
Turn   | Place    | Note
-------+----------+-------------------------------------------
     0 | D        | boopmooplesden the Minotaur Fighter began the quest for the
                  | Orb.
     0 | D        | Reached XP level 1. HP: 19/19 MP: 0/0
     3 | D        | Found a blossoming altar of Fedhas.
     3 | D        | Found the +6 Majin-Bo {vamp, MP+6 Int+6}
     3 | D        | Found the +9 heavy crossbow "Sniper" {vorpal, Acc+∞ SInv}
     3 | D        | Found the +10 dark maul {vorpal}
     3 | D        | Found the +15 Maxwell's patent armour {-Cast -Tele rElec
                  | Will+ rCorr}
     3 | D        | Found the +18 shield of the Gong {rElec rN+ Will+ EV-5}
     3 | D        | Found the +14 obsidian axe {vorpal, Mesm Drain Fly SInv}
    18 | D        | Found the +7 great mace "Firestarter" {inner flame, rF++}
    18 | D        | Found the +6 shillelagh "Devastator" {shatter}
    18 | D        | Found the +11 plutonium sword {Contam Stlth-}
    18 | D        | Found the +8 lance "Wyrmbane" {slay drac, rPois rF+ rC+
                  | AC+3}
    18 | D        | Found the +9 sword of Zonguldrok {reap}
    18 | D        | Found the +13 scythe of Curses {drain, Drain}
    18 | D        | Found the +5 sword of Power {vorpal}
    18 | D        | Found the +7 mace of Variability {chain chaos}
    18 | D        | Found the +7 Singing Sword {vorpal, sonic wave}
    18 | D        | Found the +8 storm bow {elec, penet}
    19 | D        | Found a viscous altar of Jiyva.
    19 | D        | Found a hazy altar of Hepliaklqana.
    19 | D        | Found a transporter.
    19 | D        | Found an opulent altar of Gozag.
    19 | D        | Found an ancient bone altar of Kikubaaqudgha.
    19 | D        | Found a corrupted altar of Lugonu.
    28 | D        | Found a burning altar of Makhleb.
    29 | D        | Found an iron altar of Okawaru.
    29 | D        | Found a stormy altar of Qazlal.
    29 | D        | Found a sparkling altar of Nemelex Xobeh.
    29 | D        | Found a sacrificial altar of Ru.
    29 | D        | Found a shimmering blue altar of Sif Muna.
    49 | D        | Found a bloodstained altar of Trog.
    73 | D        | Became a worshipper of the Shining One
    98 | D        | Entered arena 2.
    98 | D        | Noticed a merfolk
    98 | D        | Noticed a merfolk
    98 | D        | Found a transporter.
   102 | D        | Killed a merfolk
   103 | D        | Reached skill level 8 in Shields
   103 | D        | Reached XP level 2. HP: 22/35 MP: 1/1
   103 | D        | Reached XP level 3. HP: 25/40 MP: 2/2
   103 | D        | Reached XP level 4. HP: 30/48 MP: 3/3
   103 | D        | Reached XP level 5. HP: 33/53 MP: 4/4
   105 | D        | Killed a merfolk
   106 | D        | Reached skill level 10 in Armour
   106 | D        | Reached skill level 10 in Shields
   106 | D        | Reached XP level 6. HP: 41/66 MP: 5/5
   119 | D        | Entered arena 3.
   119 | D        | Noticed a merfolk
   119 | D        | Reached * piety under the Shining One
   119 | D        | Noticed a merfolk
   119 | D        | Noticed a merfolk
   119 | D        | Found a transporter.
   127 | D        | HP: 3/66 [merfolk (12)]
   128 | D        | Killed a merfolk
   129 | D        | Reached skill level 10 in Fighting
   129 | D        | Reached skill level 11 in Shields
   129 | D        | Reached XP level 7. HP: 4/73 MP: 6/6
   131 | D        | Killed a merfolk
   134 | D        | Killed a merfolk
   135 | D        | Reached skill level 12 in Shields
   135 | D        | Reached XP level 8. HP: 32/82 MP: 7/7
   352 | D        | Entered arena 4.
   352 | D        | Reached ** piety under the Shining One
   352 | D        | Reached *** piety under the Shining One
   352 | D        | Found a transporter.
   361 | D        | Reached **** piety under the Shining One
   369 | D        | Got the +4 mace "Conservator" {venom, Str+2 Int+3 Stlth-}
   372 | D        | Entered arena 5.
   372 | D        | Reached ***** piety under the Shining One
   372 | D        | Found a transporter.
   378 | D        | Reached skill level 13 in Shields
   385 | D        | Entered arena 6.
   385 | D        | Noticed a slime creature
   385 | D        | Noticed a slime creature
   385 | D        | Found a transporter.
   388 | D        | Reached skill level 10 in Long Blades
   388 | D        | Killed a slime creature
   389 | D        | Killed a slime creature
   390 | D        | Reached XP level 9. HP: 90/90 MP: 8/8
   402 | D        | Entered arena 7.
   402 | D        | Reached ****** piety under the Shining One
   402 | D        | Noticed a white ugly thing
   402 | D        | Noticed a merfolk
   404 | D        | Found a transporter.
   406 | D        | Killed a merfolk
   408 | D        | Reached skill level 14 in Shields
   408 | D        | Gained mutation: You are weak. (Str -2) [a neqoxec]
   409 | D        | Killed a white ugly thing
   409 | D        | Gained mutation: Your mind is acute. (Int +2) [a neqoxec]
   424 | D        | Entered arena 8.
   424 | D        | Noticed a spriggan rider
   424 | D        | Noticed a spriggan rider
   426 | D        | Found a transporter.
   430 | D        | Reached skill level 15 in Shields
   430 | D        | Reached skill level 1 in Invocations
   431 | D        | Reached XP level 10. HP: 83/101 MP: 6/10
   439 | D        | Got the amulet of Curisaw {rN+ Regen+ Int+5}
   447 | D        | Got the +2 pair of boots "Yssip" {rN+ Str+6}
   458 | D        | Entered arena 9.
   458 | D        | Noticed a salamander
   458 | D        | Noticed a harpy
   458 | D        | Noticed a red ugly thing
   458 | D        | Noticed a salamander
   458 | D        | Noticed a cyan ugly thing
   463 | D        | Found a transporter.
   464 | D        | Killed a harpy
   465 | D        | Reached skill level 16 in Shields
   466 | D        | Killed a cyan ugly thing
   466 | D        | Noticed a swamp dragon
   466 | D        | a salamander changed into a swamp dragon
   467 | D        | Reached skill level 15 in Long Blades
   467 | D        | Reached skill level 15 in Armour
   468 | D        | Killed a red ugly thing
   469 | D        | Killed a salamander
   470 | D        | Killed a swamp dragon
   471 | D        | Reached skill level 17 in Shields
   481 | D        | Got the +5 long sword "Ynay" {vorpal, *Slow +Blink rPois
                  | Int+4}
   486 | D        | Got the ring of Adduq {rPois rF+ rN+ Int+4 Dex-2}
   570 | D        | Entered arena 10.
   570 | D        | Noticed a two-headed ogre
   570 | D        | Noticed a two-headed ogre
   570 | D        | Noticed a two-headed ogre
   570 | D        | Noticed a two-headed ogre
   572 | D        | Found a transporter.
   576 | D        | Killed a two-headed ogre
   577 | D        | Killed a two-headed ogre
   577 | D        | Killed a two-headed ogre
   578 | D        | Reached skill level 18 in Shields
   578 | D        | Reached XP level 11. HP: 90/111 MP: 8/12
   578 | D        | Killed a two-headed ogre
   584 | D        | Got the Compendium of Confrontation
   596 | D        | Got the +8 scimitar of Foul Odours {flame, Dex+4}
   601 | D        | Entered arena 11.
   603 | D        | Found a transporter.
   619 | D        | Reached skill level 15 in Fighting
   642 | D        | Got Sif Muna's Papyrus of Clay and Darkness
   700 | D        | Entered arena 12.
   700 | D        | Noticed a vault guard
   700 | D        | Noticed a yaktaur captain
   700 | D        | Noticed a vault guard
   700 | D        | Noticed a stone giant
   700 | D        | Noticed a vault guard
   700 | D        | Noticed a vault guard
   700 | D        | Noticed a vault guard
   701 | D        | Noticed a vault guard
   702 | D        | Noticed a vault guard
   703 | D        | Found a transporter.
   710 | D        | Killed a vault guard
   711 | D        | Reached skill level 19 in Shields
   713 | D        | Killed a vault guard
   714 | D        | Reached skill level 5 in Invocations
   716 | D        | Killed a vault guard
   717 | D        | Killed a vault guard
   717 | D        | Killed a vault guard
   718 | D        | Reached skill level 20 in Shields
   718 | D        | Killed a stone giant
   719 | D        | Killed a vault guard
   721 | D        | Killed a vault guard
   721 | D        | Killed a yaktaur captain
   722 | D        | Reached XP level 12. HP: 77/122 MP: 2/16
   743 | D        | Got Sif Muna's Papyrus of the Mountains and Black Magic
   764 | D        | Entered arena 13.
   764 | D        | Noticed an ettin
   766 | D        | Identified the ring "Namad" {Fly AC+4}
   767 | D        | Found a transporter.
   770 | D        | Killed an ettin
   771 | D        | Reached skill level 21 in Shields
   795 | D        | Got the +0 pair of gloves "Kiedgheti" {rC+ Regen+ Str+4
                  | Int-5}
   814 | D        | Entered arena 14.
   816 | D        | Noticed a demonspawn corrupter
   816 | D        | Noticed a Hell Sentinel
   816 | D        | Noticed an Ice Fiend
   816 | D        | Noticed a reaper
   816 | D        | Noticed a blizzard demon
   816 | D        | Noticed a Tzitzimitl
   817 | D        | Noticed Yjo Juzxa the pandemonium lord
   817 | D        | Noticed Uluryoghue the pandemonium lord
   817 | D        | Noticed Camoixik the pandemonium lord
   818 | D        | Noticed a revenant
   818 | D        | Noticed a revenant
   821 | D        | Noticed a starcursed mass
   829 | D        | Killed a reaper
   830 | D        | Noticed a sphinx
   833 | D        | Noticed a war gargoyle
   833 | D        | Killed a Tzitzimitl
   837 | D        | Paralysed by Yjo Juzxa for 2 turns
   838 | D        | The Shining One protects you from harm!
   839 | D        | Annihilated by Uluryoghue the pandemonium lord

Illustrated notes

Levels and vault maps discovered:
D:        sprint_v [room_start, room_1, room_2, room_3, room_4, room_5, room_6,
          room_7, room_8, room_9, room_10, room_11, room_12, room_13, room_14,
          room_15, room_16, room_17, room_18, room_19, room_20, room_21,
          room_22, room_23, room_24, room_25, room_26, room_27]

Skill      XL: |  1  2  3  4  5  6  7  8  9 10 11 12 |
---------------+-------------------------------------+-----
Fighting       | 8 9 10 11 12 13 14 16 | 16.7
Long Blades    | 4 6 8 10 14 16 18 | 18.8
Armour         | 9 10 11 12 13 14 15 17 | 17.5
Shields        | 8 10 11 12 13 15 18 20 21 | 21.7
Invocations    | 1 3 7 9 |  9.5

Action                   |  1- 3 |  4- 6 |  7- 9 | 10-12 || total
-------------------------+-------+-------+-------+-------++-------
Melee: Double sword      |     3 |     5 |    30 |    51 ||    89
       Headbutt          |     1 |       |     7 |     1 ||     9
Invok: Divine Shield     |       |       |     2 |     7 ||     9
       Cleansing Flame   |       |       |       |     9 ||     9
  Use: Potion            |       |       |     1 |     1 ||     2
Armor: Gold dragon scale |     3 |    10 |     7 |    45 ||    65
Dodge: Dodged            |       |     1 |       |     2 ||     3
Block: Kite shield       |     7 |    11 |    38 |   100 ||   156
